 Dungeon Crawl Stone Soup version 0.21.1-1-g345015fe64 (webtiles) character file.

170 Loge the Magician (level 5, -10/28 HPs)
             Began as a Deep Elf Fire Elementalist on July 18, 2018.
             Was an Initiate of Vehumet.
             Killed by divine providence
             ... invoked by an orc priest
              (13 damage)
             ... on level 3 of the Dungeon.
             The game lasted 00:10:03 (2460 turns).

Loge the Magician (Deep Elf Fire Elementalist)      Turns: 2460, Time: 00:10:04

Health: -10/28     AC:  3    Str:  5    XL:     5   Next: 26%
Magic:  8/13       EV: 13    Int: 21    God:    Vehumet [......]
Gold:   116        SH:  0    Dex: 15    Spells: 3/13 levels left

rFire    . . .     SeeInvis .   h - +0 dagger
rCold    . . .     Gourm    .   (no shield)
rNeg     . . .     Faith    .   a - +0 robe
rPois    .         Spirit   .   (no helmet)
rElec    .         Reflect  .   j - +0 cloak
rCorr    .         Harm     .   (no gloves)
MR       .....                  (no boots)
Stlth    ++........             (no amulet)
HPRegen  0.09/turn              (no ring)
MPRegen  0.13/turn              (no ring)

@: no status effects
A: no striking features
a: Renounce Religion


You were on level 3 of the Dungeon.
You worshipped Vehumet.
Vehumet was noncommittal.
You were not hungry.

You visited 2 branches of the dungeon, and saw 7 of its levels.

You collected 116 gold pieces.

Inventory:

Hand Weapons
 h - a +0 dagger (weapon)
Armour
 a - a +0 robe (worn)
 j - a +0 cloak (worn)
Jewellery
 e - an uncursed ring of fire {unknown}
 i - an uncursed ring of magical power {unknown}
Scrolls
 f - a scroll of teleportation {unknown}
 g - a scroll of remove curse {unknown}
 k - 4 scrolls of identify {unknown}
Potions
 l - 2 potions of might {unknown}
 m - 2 potions of haste {unknown}
Books
 b - a book of Flames

   Spells                             Type                      Level
   a - Flame Tongue                   Conjuration/Fire             1
   b - Throw Flame                    Conjuration/Fire             2
   c - Conjure Flame                  Conjuration/Fire             3
   d - Inner Flame                    Hexes/Fire                   3
   e - Sticky Flame                   Conjuration/Fire             4
   f - Fireball                       Conjuration/Fire             5
Comestibles
 c - 3 rations


   Skills:
 - Level 2.4 Dodging
 - Level 2.4 Stealth
 + Level 4.5 Spellcasting
 * Level 4.1 Conjurations
 + Level 4.3 Fire Magic


You had 3 spell levels left.
You knew the following spells:

 Your Spells              Type           Power        Failure   Level  Hunger
a - Flame Tongue          Conj/Fire      ###..        1%          1    None
b - Throw Flame           Conj/Fire      ###...       3%          2    #......
c - Conjure Flame         Conj/Fire      ###.....     6%          3    ##.....
d - Sticky Flame          Conj/Fire      ###.....     21%         4    ####...


Dungeon Overview and Level Annotations

Branches:
Dungeon (6/15)             Temple (1/1) D:5

Altars:
Elyvilon
Qazlal
Vehumet
The Shining One

Annotations:
D:6 Edmund


Message History

* * * LOW HITPOINT WARNING * * *
Casting: Flame Tongue
Confirm with . or Enter, or press ? or * to list all spells.
Aiming: Flame Tongue
Press: ? - help, Shift-Dir - straight line, f - orc priest
Aim: an orc priest, wielding a hand axe (moderately wounded)
The flame tongue misses the orc priest.
The orc priest calls down the wrath of Beogh upon you.
You struggle to resist.
Okay, then.
Casting: Flame Tongue
Confirm with . or Enter, or press ? or * to list all spells.
Aiming: Flame Tongue
Press: ? - help, Shift-Dir - straight line, f/p - orc priest
Aim: an orc priest, wielding a hand axe (moderately wounded)
The flame tongue hits the orc priest.
The orc priest is moderately wounded.
The orc priest invokes the aid of Beogh against you.
Beogh smites you!
You die...

. .# #. ..
#.##.#######.
#...........
..........
........####.#
####.#..†.......
...%...#@#
####....#o#####
.........S....#
####.........#
.................
######........###
#........#
#........#
#........#


You could see an orc priest and an adder.

Vanquished Creatures
  A hound (D:6)
  An iguana (D:6)
  A killer bee zombie (D:5)
  A hound skeleton (D:4)
  A gnoll (D:2)
  2 adders (D:3)
  An ooze (D:2)
  An adder zombie (D:6)
  A worm (D:3)
  An orc (D:5)
  A ball python (D:2)
  A bat (D:1)
  3 giant cockroaches
  3 goblins
  5 hobgoblins
  5 jackals
  4 kobolds
  4 frilled lizards
  A leopard gecko zombie (D:5)
  10 rats
48 creatures vanquished.

Notes
Turn   | Place    | Note
-------+----------+-------------------------------------------
     0 | D:1      | Loge the Deep Elf Fire Elementalist began the quest for the Orb.
     0 | D:1      | Reached XP level 1. HP: 10/10 MP: 6/6
   275 | D:1      | Reached XP level 2. HP: 15/15 MP: 6/8
   279 | D:1      | Learned a level 2 spell: Throw Flame
  1201 | D:3      | Reached XP level 3. HP: 19/19 MP: 2/10
  1375 | D:2      | Learned a level 3 spell: Conjure Flame
  1798 | D:2      | Reached XP level 4. HP: 24/24 MP: 2/11
  1805 | D:2      | Learned a level 4 spell: Sticky Flame
  1947 | D:3      | You fall through a shaft for 3 floors!
  2140 | D:6      | Noticed Edmund
  2142 | D:5      | Entered Level 5 of the Dungeon
  2206 | D:5      | Reached XP level 5. HP: 12/28 MP: 7/13
  2387 | D:5      | Found a staircase to the Ecumenical Temple.
  2391 | Temple   | Entered the Ecumenical Temple
  2413 | Temple   | Became a worshipper of Vehumet
  2460 | D:3      | Killed from afar by an orc priest

Skill      XL: |  1  2  3  4 |
---------------+-------------+-----
Conjurations   | 2 3 4 |  4.1
Spellcasting   | 4 |  4.5
Fire Magic     | 4 |  4.3
Dodging        | |  2.4
Stealth        | |  2.4

Action                   |  1- 3 |  4- 6 || total
-------------------------+-------+-------++-------
Melee: Dagger            |       |    11 ||    11
 Cast: Flame Tongue      |    44 |    27 ||    71
       Throw Flame       |    19 |     1 ||    20
       Conjure Flame     |     3 |     2 ||     5
  Eat: Chunk             |     3 |       ||     3
       Ration            |       |     1 ||     1
Armor: Robe              |     5 |     5 ||    10
Dodge: Dodged            |    13 |    19 ||    32
